 Dungeon Crawl Stone Soup version 0.23.0 (webtiles) character file.

Game seed: 14454133944301139455

7786 Kairos the Basher (level 11, 0/99 HPs)
             Began as a Deep Dwarf Monk on Feb 15, 2019.
             Was an Elder of Makhleb.
             Killed from afar by an electric eel (11 damage)
             ... with a bolt of electricity
             ... on level 2 of the Lair of Beasts.
             The game lasted 00:28:15 (8966 turns).

Kairos the Basher (Deep Dwarf Monk)                 Turns: 8966, Time: 00:28:15

Health: 0/99       AC: 18    Str: 18    XL:     11   Next: 1%
Magic:  15/15      EV: 10    Int: 11    God:    Makhleb [****..]
Gold:   375        SH:  0    Dex: 15    Spells: 19/21 levels left

rFire    + + .     SeeInvis +   m - +6 whip of the Hall of Blades {freeze, rF+ SInv Stlth-}
rCold    . . .     Gourm    .   (no shield)
rNeg     . . .     Faith    +   K - +2 chain mail {MR+}
rPois    .         Spirit   .   b - +2 helmet
rElec    .         Reflect  .   k - +0 cloak
rCorr    .         Harm     .   l - +0 pair of gloves
MR       ++...                  (no boots)
Stlth    ..........             a - amulet of faith
HPRegen  0.00/turn              O - ring of protection from fire
MPRegen  0.14/turn              (no ring)

@: non-regenerating
A: damage resistance, heal wounds, sense surroundings 2, no regeneration
a: Heal Wounds, Minor Destruction, Lesser Servant of Makhleb, Major Destruction,
Renounce Religion


You were on level 2 of the Lair of Beasts.
You worshipped Makhleb.
Makhleb was greatly pleased with you.
You were hungry.

You visited 3 branches of the dungeon, and saw 12 of its levels.

You collected 577 gold pieces.
You spent 202 gold pieces at shops.

Inventory:

Hand Weapons
 m - the +6 whip of the Hall of Blades (weapon) {freeze, rF+ SInv Stlth-}
   (You found it on level 4 of the Dungeon)

   It has been specially enchanted to freeze those struck by it, causing extra
   injury to most foes and up to half again as much damage against particularly
   susceptible opponents.
   It can also slow down cold-blooded creatures.
   It protects you from fire.
   It lets you see invisible.
   It makes you less stealthy.
 o - a +1 flail of crushing
 p - a +2 whip of freezing
 D - the +2 rapier of Trog's Displeasure {drain, rPois Str+6}
   (You found it on level 1 of the Lair of Beasts)

   A truly terrible weapon, it drains the life of those it strikes.
   It affects your strength (+6).
   It protects you from poison.
 I - a +1 flail of protection
Missiles
 r - a throwing net
 v - 5 exploding tomahawks
 y - 11 tomahawks (quivered)
Armour
 b - a +2 helmet (worn)
 k - a +0 cloak (worn)
 l - a +0 pair of gloves (worn)
 K - a +2 chain mail of magic resistance (worn)
Jewellery
 a - an amulet of faith (around neck)
 E - an uncursed amulet of harm
 O - a ring of protection from fire (left hand)
 P - a +5 amulet of reflection
Wands
 d - a wand of paralysis (6)
 q - a wand of acid (24)
 J - a wand of iceblast (15)
 N - a wand of random effects (16)
 S - a wand of flame (41)
Scrolls
 e - 8 scrolls of teleportation
 f - 2 scrolls of amnesia
 h - a scroll of remove curse
 n - a scroll of silence
 u - 2 scrolls of fear
 w - a scroll of enchant weapon
 x - 3 scrolls of fog
 A - a scroll of magic mapping
 B - a scroll of immolation
 G - 2 scrolls of blinking
 L - a scroll of identify
 Q - a scroll of noise {unknown}
 R - 3 scrolls of enchant armour {unknown}
Potions
 g - a potion of cancellation
 i - 2 potions of heal wounds
 j - 3 potions of agility
 s - 2 potions of lignification
 t - 2 potions of brilliance
 z - a potion of ambrosia {unknown}
 C - 4 potions of curing {unknown}
 F - 3 potions of flight {unknown}
 H - a potion of magic {unknown}
 M - a potion of resistance
 T - 2 potions of mutation {unknown}
 U - a potion of haste {unknown}
Comestibles
 c - 20 rations


   Skills:
 + Level 6.5 Fighting
   Level 4.6(8.7) Axes
 + Level 10.5(10.8) Maces & Flails
 + Level 1.2 Throwing
 + Level 7.6 Armour
 + Level 5.9 Dodging
 + Level 4.0 Stealth
 * Level 5.7 Spellcasting
 + Level 0.4 Invocations
 + Level 0.3 Evocations


You had 19 spell levels left.
You knew the following spells:

 Your Spells              Type           Power        Failure   Level  Hunger
a - Slow                  Hex            #.......     96%         2    ##.....

Your spell library contained the following spells:

 Spells                   Type           Power        Failure   Level  Hunger
 Animate Skeleton         Necr           N/A          89%         1    None
 Magic Dart               Conj           #...         89%         1    None
 Pain                     Necr           #...         89%         1    None
 Sandblast                Erth           #.....       89%         1    None
 Summon Small Mammal      Summ           #...         89%         1    None
 Blink                    Tloc           N/A          96%         2    ##.....
 Call Imp                 Summ           #.......     96%         2    ##.....
 Passwall                 Tmut/Erth      #.......     96%         2    ##.....
 Call Canine Familiar     Summ           #.......     99%         3    ###....
 Conjure Flame            Conj/Fire      #.......     99%         3    ###....
 Mephitic Cloud           Conj/Pois/Air  #.......     99%         3    ###....
 Stone Arrow              Conj/Erth      #.....       99%         3    ###....
 Summon Guardian Golem    Hex/Summ       #.......     99%         3    ###....
 Vampiric Draining        Necr           #.........   99%         3    ###....
 Animate Dead             Necr           N/A          100%        4    ####...
 Petrify                  Tmut/Erth      #.......     100%        4    ####...
 Summon Ice Beast         Ice/Summ       #.......     100%        4    ####...
 Summon Lightning Spire   Summ/Air       #.......     100%        4    ####...
 Lee's Rapid Deconstruct  Erth           #.........   100%        5    ######.
 Metabolic Englaciation   Hex/Ice        #.........   100%        5    ######.
 Regeneration             Chrm/Necr      Unusable     N/A         3    N/A

Dungeon Overview and Level Annotations

Branches:
Dungeon (9/15)             Temple (1/1) D:6            Lair (2/6) D:9
    Orc (0/2) D:9
  Swamp: Lair:2-4    Shoals: Lair:2-4     Snake: Lair:2-4    Spider: Lair:2-4

Altars:
Ashenzari
Cheibriados
Dithmenos
Elyvilon
Fedhas
Gozag
Hepliaklqana
Kikubaaqudgha
Makhleb
Nemelex Xobeh
Okawaru
Qazlal
Ru
Sif Muna
Trog
Uskayaw
Vehumet
Wu Jian
Xom
Yredelemnul
Zin
The Shining One
Beogh

Shops:
D:9 [


Innate Abilities, Weirdness & Mutations

You are resistant to damage.
You can heal yourself by infusing magical energy.
You passively map the area around you.
You do not regenerate.


Message History

y - 10 tomahawks (gained 1)
y - 11 tomahawks (gained 1)
An electric eel comes into view.
The electric eel shoots out a bolt of lightning at you!
The bolt of electricity hits you!
* * * LOW HITPOINT WARNING * * *
An electric eel is nearby!
The electric eel shoots out a bolt of lightning at you!
The bolt of electricity hits you!
* * * LOW HITPOINT WARNING * * *
There is a stone staircase leading up here.
Found a chain mail.
The electric eel shoots out a bolt of lightning at you!
The bolt of electricity hits the fungus!
The bolt of electricity hits you.
* * * LOW HITPOINT WARNING * * *
The electric eel shoots out a bolt of lightning at you!
The bolt of electricity hits the fungus!
The bolt of electricity hits you!
You die...

## ### #.##.# ** #####(...##
###### ,, .....(....###
#######.#..# ,
.........PP.###.##.#..#..##
,
,.≈≈........@..............#
,,
≈≈≈≈.....##..<............#
,
≈≈≈≈..P...#.#..#P..#####..##
≈ ≈≈≈≈;......#...##...P#
#..P# ,
≈≈≈≈≈.......#...........[.##
≈≈≈≈≈......+...##.....P...#
≈≈≈≈≈......#..#..........# ,
≈≈≈≈....>#....#.....##..P* ,
≈P..#.###..##......#..##


You could see an electric eel.

Vanquished Creatures
  Pikel (D:6)
  2 black mambas
  3 spiny frogs
  Prince Ribbit (D:9)
  A hippogriff (Lair:1)
  Sigmund (D:6)
  A spriggan (D:7)
  A hungry ghost (D:6)
  Edmund (D:6)
  4 water moccasins
  4 porcupines (Lair:1)
  2 slaves (D:6)
  4 ice beasts
  4 ogres
  3 orc warriors
  A phantom (D:7)
  3 centaurs
  2 crocodiles
  4 bullfrogs
  A big kobold (D:6)
  2 scorpions
  3 killer bees (D:8)
  4 wights
  3 howler monkeys
  5 crimson imps
  3 jellies
  A quasit (D:6)
  8 orc priests
  2 centaur skeletons
  2 hounds
  Crazy Yiuf (D:2)
  2 bullfrog skeletons
  15 orc wizards
  Jessica (D:3)
  An iguana (D:7)
  Natasha (D:2)
  8 worker ants
  A killer bee zombie (D:7)
  4 adders
  17 gnolls
  2 shadow imps
  An ooze (D:2)
  2 adder skeletons
  A worm (D:2)
  5 dart slugs
  10 leopard geckos
  48 orcs
  8 giant cockroaches
  5 goblins
  8 hobgoblins
  16 jackals
  31 kobolds
  8 quokkas
  2 bats
  5 frilled lizards
  A jackal skeleton (D:7)
  8 rats
  2 plants (D:6)
291 creatures vanquished.

Vanquished Creatures (others)
  A slave (D:6)
  2 plants (D:6)
3 creatures vanquished.

Grand Total: 294 creatures vanquished

Notes
Turn   | Place    | Note
-------+----------+-------------------------------------------
     0 | D:1      | Kairos the Deep Dwarf Monk began the quest for the Orb.
     0 | D:1      | Reached XP level 1. HP: 20/20 MP: 1/1
   417 | D:1      | Reached XP level 2. HP: 17/27 MP: 2/2
   944 | D:2      | Reached XP level 3. HP: 16/33 MP: 3/3
  1012 | D:2      | Reached skill level 1 in Maces & Flails
  1012 | D:2      | Reached XP level 4. HP: 4/40 MP: 4/4
  1363 | D:2      | Reached skill level 2 in Maces & Flails
  1363 | D:2      | Reached skill level 1 in Armour
  1363 | D:2      | Reached XP level 5. HP: 17/49 MP: 4/4
  1528 | D:2      | Found a runed translucent door.
  1529 | D:2      | Noticed Crazy Yiuf
  1535 | D:2      | HP: 2/49 [Crazy Yiuf/+4 quarterstaff of chaos (8)]
  1538 | D:2      | Killed Crazy Yiuf
  1768 | D:2      | Noticed Natasha
  1774 | D:2      | Killed Natasha
  2065 | D:3      | Reached skill level 3 in Maces & Flails
  2066 | D:3      | HP: 2/49 [gnoll (2)]
  2068 | D:3      | Reached XP level 6. HP: 2/56 MP: 4/4
  2421 | D:3      | Noticed Jessica
  2442 | D:3      | Killed Jessica
  2876 | D:3      | Found a snail-covered altar of Cheibriados.
  2902 | D:4      | Found an iron altar of Okawaru.
  2979 | D:4      | Got a translucent whip
  2980 | D:4      | Identified the +6 whip of the Hall of Blades {freeze, rF+
                  | SInv Stlth-} (You found it on level 4 of the Dungeon)
  3131 | D:4      | Reached skill level 4 in Maces & Flails
  3148 | D:4      | Reached XP level 7. HP: 14/62 MP: 4/4
  3605 | D:5      | Entered Level 5 of the Dungeon
  3699 | D:5      | Found a radiant altar of Vehumet.
  3704 | D:5      | Reached skill level 1 in Spellcasting
  3875 | D:5      | Reached skill level 5 in Maces & Flails
  3906 | D:5      | Reached skill level 5 in Dodging
  4004 | D:5      | Reached XP level 8. HP: 51/72 MP: 7/7
  4100 | D:5      | Found an ornate altar of the Wu Jian Council.
  4209 | D:5      | Reached skill level 6 in Maces & Flails
  4704 | D:6      | Noticed Sigmund
  4743 | D:6      | Killed Sigmund
  4938 | D:6      | Found a staircase to the Ecumenical Temple.
  4944 | Temple   | Entered the Ecumenical Temple
  4951 | Temple   | Became a worshipper of Makhleb the Destroyer
  4951 | Temple   | Reached * piety under Makhleb
  4951 | Temple   | Reached ** piety under Makhleb
  5005 | D:6      | Reached skill level 7 in Maces & Flails
  5034 | D:6      | Gained mutation: You passively map the area around you.
                  | [Deep Dwarf growth]
  5034 | D:6      | Reached XP level 9. HP: 43/79 MP: 9/9
  5053 | D:6      | Noticed Pikel
  5068 | D:6      | Paralysed by Pikel for 4 turns
  5079 | D:6      | Killed Pikel
  5079 | D:6      | Reached skill level 5 in Armour
  5126 | D:6      | Identified the Almanac of Glacial Black Rites
  5213 | D:6      | Noticed Edmund
  5227 | D:6      | Killed Edmund
  5227 | D:6      | Reached skill level 5 in Fighting
  5743 | D:7      | Reached skill level 8 in Maces & Flails
  5746 | D:7      | Found a white marble altar of Elyvilon.
  5840 | D:7      | Found a blossoming altar of Fedhas.
  6194 | D:7      | Learned a level 2 spell: Slow
  6281 | D:8      | Reached *** piety under Makhleb
  6440 | D:8      | Found a shimmering altar of Xom.
  6443 | D:8      | Found a shimmering altar of Xom.
  6443 | D:8      | Found a shimmering altar of Xom.
  6443 | D:8      | Found a shimmering altar of Xom.
  6443 | D:8      | Found a shimmering altar of Xom.
  6464 | D:8      | Found a white marble altar of Elyvilon.
  6535 | D:8      | Found an opulent altar of Gozag.
  6559 | D:8      | Reached skill level 9 in Maces & Flails
  6751 | D:8      | Reached XP level 10. HP: 73/88 MP: 12/12
  6871 | D:8      | Found a shattered altar of Ashenzari.
  7028 | D:8      | Noticed a ghost moth
  7111 | D:9      | Found a staircase to the Lair.
  7138 | D:9      | Noticed Prince Ribbit
  7143 | D:9      | Killed Prince Ribbit
  7305 | D:9      | Found a staircase to the Orcish Mines.
  7313 | D:9      | Found a roughly hewn altar of Beogh.
  7346 | D:9      | Reached **** piety under Makhleb
  7434 | D:9      | Found Jyrer's Antique Armour Emporium.
  7460 | D:9      | Reached skill level 1 in Throwing
  7693 | D:8      | Reached skill level 5 in Spellcasting
  7788 | D:9      | Found a bloodstained altar of Trog.
  8054 | D:9      | Bought a glowing chain mail for 202 gold pieces
  8100 | Lair:1   | Entered Level 1 of the Lair of Beasts
  8105 | Lair:1   | Got an iridescent rapier
  8106 | Lair:1   | Identified the cursed +2 rapier of Trog's Displeasure
                  | {drain, rPois Str+6} (You found it on level 1 of the Lair
                  | of Beasts)
  8513 | Lair:1   | Reached skill level 10 in Maces & Flails
  8522 | Lair:1   | Noticed a black mamba
  8533 | Lair:1   | Killed a black mamba
  8594 | Lair:1   | Noticed a spiny frog
  8608 | Lair:1   | Killed a spiny frog
  8783 | Lair:2   | Noticed a black mamba
  8792 | Lair:2   | Noticed a spiny frog
  8795 | Lair:2   | Killed a black mamba
  8803 | Lair:2   | Noticed a spiny frog
  8809 | Lair:2   | Killed a spiny frog
  8825 | Lair:2   | Killed a spiny frog
  8825 | Lair:2   | Reached XP level 11. HP: 20/99 MP: 15/15
  8966 | Lair:2   | Killed from afar by an electric eel

Skill      XL: |  1  2  3  4  5  6  7  8  9 10 |
---------------+-------------------------------+-----
Axes           | 4 |  4.6
Dodging        | 4 5 |  5.9
Maces & Flails | 1 2 3 4 5 7 9 10 | 10.5
Stealth        | 3 4 |  4.0
Fighting       | 3 4 5 6 |  6.5
Armour         | 1 2 3 4 5 7 |  7.6
Spellcasting   | 1 3 4 5 |  5.7
Throwing       | 1 |  1.2
Invocations    | |  0.4
Evocations     | |  0.3

Action                   |  1- 3 |  4- 6 |  7- 9 | 10-12 || total
-------------------------+-------+-------+-------+-------++-------
Melee: Hand axe          |    95 |       |       |       ||    95
       Flail             |    16 |   227 |       |       ||   243
       Whip              |       |    32 |   565 |   282 ||   879
Throw: Stone             |     5 |     3 |       |       ||     8
       Tomahawk          |       |       |     4 |     4 ||     8
Invok: Minor Destruction |       |       |       |     1 ||     1
 Abil: Heal Wounds       |       |     6 |     6 |     1 ||    13
Evoke: Wand              |       |       |     2 |       ||     2
  Use: Scroll            |       |       |    10 |     8 ||    18
       Potion            |       |       |       |     2 ||     2
 Stab: Sleeping          |     2 |     6 |       |       ||     8
  Eat: Chunk             |       |     7 |    12 |     4 ||    23
       Ration            |       |       |     1 |     1 ||     2
Armor: Leather armour    |    12 |       |       |       ||    12
       Robe              |     1 |       |       |       ||     1
       Ring mail         |    27 |   107 |       |       ||   134
       Chain mail        |       |       |   239 |   103 ||   342
       Scale mail        |       |       |     3 |       ||     3
Dodge: Dodged            |    86 |   160 |   196 |    91 ||   533
Block: Other             |       |       |    23 |     6 ||    29
       Reflection        |       |       |       |     1 ||     1
